[Event "*** SCC Grand Prix: Titled Tuesday Blitz"]
[Site "Chess.com"]
[Date "2020.08.25"]
[Round "9"]
[White "korkmaz16"]
[Black "Alembong"]
[Result "0-1"]
[WhiteElo "2297"]
[BlackElo "2438"]
[TimeControl "180+1"]
[EndTime "11:47:47 PDT"]
[Termination "Alembong won by resignation"]

1. d4 d5 2. Nf3 Nf6 3. e3 c5 4. b3 Nc6 5. Bd3 Bg4 6. Bb2 cxd4 7.
exd4 e6 8. O-O Be7 9. Nbd2 O-O 10. Re1 Nb4 11. Be2 Bf5 12. Rc1 Nxa2 13. Ra1 Nb4 14.
Rc1 Rc8 15. c4 b6 16. Ne5 Nd7 17. Ndf3 Nxe5 18. Nxe5 Bf6 19. Qd2 a5 20. Ng4 Bxg4 21.
Bxg4 dxc4 22. bxc4 Qd6 23. d5 Bxb2 24. Qxb2 Nd3 25.
Qd4 Nxc1 26. Rxc1 Rc5 27. Rd1 e5 28. Qd3 g6 29. h4 f5 30. Be2 Qf6 31. h5 e4 32. Qg3 f4 33. Qg4 f3 34. gxf3 exf3 35. Bf1 Qf5 36. Qg3 Qxh5 37. Rd4 Rcc8 38. d6 Rcd8 39. Rd5 Rf5 40. Rxf5 Qxf5 41. c5 bxc5 42. Bc4+ Kg7 43. Qh4 Qf6 44. Qe4 Rxd6 45. Qb7+ Kh6 46.
Qe4 Rd1+ 47. Kh2 Qg5 48. Qxf3 Qh5+ 49. Qxh5+ gxh5 50. Be2 Rd2 0-1

[Event "*** SCC Grand Prix: Titled Tuesday Blitz"]
[Site "Chess.com"]
[Date "2020.08.25"]
[Round "9"]
[White "icychess54"]
[Black "Ariadna_Atreides"]
[Result "1-0"]
[WhiteElo "2233"]
[BlackElo "2050"]
[TimeControl "180+1"]
[EndTime "11:47:47 PDT"]
[Termination "icychess54 won on time"]

1. c4 Nf6 2. Nf3 g6 3. e3 Bg7 4.
Be2 O-O 5. O-O d5 6. Nc3 c6 7.
b3 Bg4 8. Bb2 Re8 9. Ne5 Bxe2 10. Qxe2 Nfd7 11. Nxd7 Nxd7 12. cxd5 cxd5 13. Qb5 Nb6 14.
a4 Qd7 15. Qxd7 Nxd7 16. Rac1 Rac8 17. Ba3 e6 18. Nb5 Bf8 19. Bxf8 Rxf8 20. Nxa7 Rxc1 21. Rxc1 Rb8 22. Rc7 Ne5 23. Nb5 Nc6 24. Nd6 Na5 25. Nxf7 Nxb3 26. Ng5 Nxd2 27. Nxh7 Ra8 28. Nf6+ Kf8 29.
Rxb7 Rxa4 30. g3 Nf3+ 31. Kg2 Ne1+ 32. Kf1 Ra1 33. h4 Nd3+ 34. Ke2 Ne5 35. f4 Ra2+ 36.
Kd1 Nf3 37. Nd7+ Ke8 38. Nf6+ Kf8 39. Nh7+ Kg8 40. Ng5 Nxg5 41. hxg5 Rg2 42. Re7 Rxg3 43. Rxe6 Kf7 44. Re5 Rg2 45. Rxd5 Ke6 46. Re5+ Kd6 47.
Ke1 1-0

[Event "*** SCC Grand Prix: Titled Tuesday Blitz"]
[Site "Chess.com"]
[Date "2020.08.25"]
[Round "9"]
[White "Msb2"]
[Black "Firouzja2003"]
[Result "0-1"]
[WhiteElo "2832"]
[BlackElo "2987"]
[TimeControl "180+1"]
[EndTime "11:47:49 PDT"]
[Termination "Firouzja2003 won by resignation"]

1. d4 Nf6 2. c4 g6 3. Nc3 Bg7 4.
e4 d6 5. Nf3 O-O 6. Be2 Nbd7 7.
O-O e5 8. Be3 c6 9. Qc2 Qe7 10.
Rad1 a6 11. Rfe1 exd4 12. Nxd4 Re8 13. Bc1 Nc5 14. f3 Nh5 15. f4 Nf6 16. Bf3 Bg4 17. e5 Bxf3 18. Nxf3 dxe5 19. fxe5 Nfd7 20. Bf4 a5 21. h3 Ne6 22. Bg3 Ndc5 23. Bh4 Qc7 24. b3 h6 25. Kh1 g5 26. Bf2 Rad8 27. Qf5 Rxd1 28. Rxd1 Rd8 29. Rf1 Nd3 30. Bg3 Ndc5 31. h4 Qe7 32. hxg5 hxg5 33. Ne4 Nxe4 34. Qxe4 Qd7 35.
Qf5 Qd3 36. Qxd3 Rxd3 37. Kh2 g4 38. Nh4 Rd2 39. Nf5 Rxa2 40. Ne7+ Kf8 41. Nf5 Ng5 42. Nd6 Kg8 43. Rf5 Nf3+ 44. Rxf3 gxf3 45. Bf2 Rxf2 0-1

[Event "*** SCC Grand Prix: Titled Tuesday Blitz"]
[Site "Chess.com"]
[Date "2020.08.25"]
[Round "9"]
[White "MariaFominykh"]
[Black "Euge_chess"]
[Result "1-0"]
[WhiteElo "2290"]
[BlackElo "2082"]
[TimeControl "180+1"]
[EndTime "11:47:49 PDT"]
[Termination "MariaFominykh won on time"]

1. d4 Nf6 2. c4 c5 3. d5 e6 4. Nc3 exd5 5. cxd5 d6 6. e4 g6 7. Nf3 Bg7 8. Be2 O-O 9. O-O Re8 10. Nd2 a6 11. a4 b6 12. Qc2 Nbd7 13. h3 Rb8 14.
Nc4 Ne5 15. Ne3 Qc7 16. Bd2 g5 17. f4 gxf4 18. Rxf4 Ng6 19. Rf2 Qe7 20. Nf5 Bxf5 21. exf5 Ne5 22. Bg5 Qb7 23. Kh1 Nxd5 24. f6 Bf8 25. Nxd5 Qxd5 26. Bxa6 Ng6 27. Rf5 Qe4 28. Bd3 Qe6 29. Raf1 d5 30. Bb5 Red8 31. Qd1 d4 32. Qh5 d3 33. Bh6 d2 34. Rd1 Bxh6 35. Qxh6 Qe1+ 36. Rf1 Qxf1+ 37. Bxf1 1-0

[Event "*** SCC Grand Prix: Titled Tuesday Blitz"]
[Site "Chess.com"]
[Date "2020.08.25"]
[Round "9"]
[White "Matveev_Vladimir"]
[Black "varacalli"]
[Result "1-0"]
[WhiteElo "2545"]
[BlackElo "2404"]
[TimeControl "180+1"]
[EndTime "11:47:50 PDT"]
[Termination "Matveev_Vladimir won by checkmate"]

1. d4 Nf6 2. c4 g6 3. Nc3 Bg7 4. e4 d6 5. Be2 O-O 6. Nf3 c5 7. d5 e5 8. O-O Ne8 9. Ne1 f5 10. Nd3 Nf6 11. f3 f4 12. a3 Rf7 13. b4 b6 14.
bxc5 bxc5 15. Rb1 Bf8 16. Bd2 Nbd7 17. Qa4 Nb6 18. Qb3 g5 19. Nb5 Nbd7 20. Qa4 g4 21. Kh1 g3 22. h3 Nb6 23. Qc2 Bxh3 24. gxh3 Qd7 25. Kg2 h6 26. a4 Nh7 27. h4 Nc8 28. Ba5 Ne7 29. Nc7 Ng6 30. Rh1 Rc8 31. Ne6 Be7 32.
h5 Nh4+ 33. Rxh4 Bxh4 34. Rh1 Bf6 35. Bc3 Re7 36. a5 Rb8 37. Rb1 Rxb1 38. Qxb1 Rxe6 39.
dxe6 Qxe6 40. Qb8+ Kf7 41. Qc7+ Be7 42. Nxe5+ dxe5 43. Qxe5 Qxe5 44. Bxe5 Nf6 45. Bxf4 Nxh5 46. Bb8 a6 47. f4 Bd8 48. Bxh5+ Ke6 49. Bg4+ Kf6 50. e5+ Ke7 51. f5 Bxa5 52. Bd6+ Kf7 53. Bh5+ Kg7 54. f6+ Kh7 55. f7 Bd8 56. f8=Q Bh4 57. Qf7+ Kh8 58. Bg6 Be7 59. Qh7# 1-0

[Event "*** SCC Grand Prix: Titled Tuesday Blitz"]
[Site "Chess.com"]
[Date "2020.08.25"]
[Round "9"]
[White "jamalm2"]
[Black "RusPakhom"]
[Result "0-1"]
[WhiteElo "1950"]
[BlackElo "2280"]
[TimeControl "180+1"]
[EndTime "11:47:50 PDT"]
[Termination "RusPakhom won by resignation"]

1. Nf3 d5 2. e3 c5 3. c4 d4 4. exd4 cxd4 5. d3 Nc6 6. Be2 e5 7.
O-O Bd6 8. Bg5 f6 9. Bh4 Nge7 10. Bg3 O-O 11. Nfd2 Nf5 12. Ne4 Bc7 13. a3 a5 14.
Nbd2 Nxg3 15. Nxg3 Qe7 16. Qc2 f5 17. c5 Be6 18.
Rab1 a4 19. Rbc1 Rad8 20. f4 exf4 21. Nh5 Qg5 22. Nc4 Bd5 23. Bd1 f3 24. Bxf3 Bxf3 25.
Rxf3 Qxh5 26. Rcf1 Qxh2+ 27. Kf2 Qh4+ 28. Ke2 Rfe8+ 29.
Kd1 Re7 30. Nd6 Bxd6 31. cxd6 Rxd6 32. Qc4+ Kh8 33. Rxf5 Rf6 34. Rxf6 gxf6 35. Qc5 Qg4+ 36. Kc1 Qg5+ 37. Qxg5 fxg5 38. Rf5 h6 39. Rf8+ Kg7 40. Ra8 Re2 41. Rxa4 Rxg2 42. Rc4 Rf2 43. b4 Rf7 44. b5 Ne5 45. Rxd4 g4 46. Rd5 g3 47. Rxe5 g2 48.
Re1 Rf1 49. Kd2 Rxe1 0-1

[Event "*** SCC Grand Prix: Titled Tuesday Blitz"]
[Site "Chess.com"]
[Date "2020.08.25"]
[Round "9"]
[White "Mikhail_Golubev"]
[Black "Unkreativ3"]
[Result "1/2-1/2"]
[WhiteElo "2618"]
[BlackElo "2515"]
[TimeControl "180+1"]
[EndTime "11:47:51 PDT"]
[Termination "Game drawn - insufficient material"]

1. e4 c5 2. Nf3 Nc6 3. Nc3 g6 4. d4 cxd4 5. Nxd4 Bg7 6. Be3 Nf6 7. Nxc6 bxc6 8. e5 Ng8 9. Bd4 Nh6 10. e6 O-O 11.
Bxg7 Kxg7 12. Qd4+ f6 13. exd7 Bxd7 14. O-O-O Bg4 15.
f3 Qxd4 16. Rxd4 Be6 17. Re4 Kf7 18. Bc4 Bxc4 19. Rxc4 Rac8 20. Rd1 Nf5 21. Rd7 a6 22. Ra4 Ra8 23. Rc7 Rfc8 24. Rxa6 Rxc7 25. Rxa8 Nh4 26. a4 Nxg2 27. a5 Ne3 28. a6 Nc4 29. a7 Ke6 30. b3 Nd6 31. Na4 Nb5 32. Nc5+ Kf5 33. Rh8 Rxa7 34. Rxh7 Nd4 35. Kb2 Nxf3 36. c4 g5 37. b4 Ke5 38. b5 cxb5 39. cxb5 Ra5 40. Rxe7+ Kd6 41. Nb7+ Kxe7 42. Nxa5 Kd7 43. Nb3 Nxh2 44. Nc5+ Kc7 45. Ne4 g4 46. Nxf6 g3 47. Nd5+ Kd6 48. Ne3 Kc5 49. Kc3 Kxb5 50. Kd3 Kc5 51.
Ke4 Ng4 52. Kf3 Nxe3 53. Kxg3 1/2-1/2

[Event "*** SCC Grand Prix: Titled Tuesday Blitz"]
[Site "Chess.com"]
[Date "2020.08.25"]
[Round "9"]
[White "ShahMatKanal"]
[Black "IngOscarArdila"]
[Result "1-0"]
[WhiteElo "2448"]
[BlackElo "2185"]
[TimeControl "180+1"]
[EndTime "11:47:51 PDT"]
[Termination "ShahMatKanal won by checkmate"]

1. d4 Nf6 2. Bf4 g6 3. e3 Bg7 4. Nd2 d6 5. Ngf3 O-O 6. h3 Nbd7 7. Be2 b6 8. Bh2 Bb7 9. O-O Re8 10. a4 a5 11. Nc4 Ne4 12. Nfd2 Ndf6 13. Nb3 Qd7 14.
Re1 Rad8 15. Bf3 h5 16. c3 Qf5 17. Ncd2 e5 18. Nxe4 Nxe4 19. Nd2 exd4 20. cxd4 c5 21.
Nc4 cxd4 22. exd4 d5 23. Bxe4 dxe4 24. Nd6 Rxd6 25. Bxd6 Rd8 26. Bc7 Rxd4 27. Qe2 Rb4 28. Rad1 Bd4 29. Rxd4 Rxd4 30. Bxb6 Rb4 31. Bxa5 Rxa4 32. Bc3 Ba6 33. Qd1 Ra2 34. Qd4 f6 35. Rd1 Kh7 36. Qa7+ Kh6 37. Bd2+ e3 38. Bxe3+ g5 39.
Rd7 Qb5 40. Rh7+ Kg6 41. Qf7+ Kf5 42. Qxh5 Qf1+ 43. Kh2 Ra1 44. Qg4+ Ke5 45. Qd4+ Kf5 46. g4+ Kg6 47. Qe4+ f5 48. Qxf5# 1-0

[Event "*** SCC Grand Prix: Titled Tuesday Blitz"]
[Site "Chess.com"]
[Date "2020.08.25"]
[Round "9"]
[White "AttackSparrow"]
[Black "anon102030"]
[Result "0-1"]
[WhiteElo "2417"]
[BlackElo "2739"]
[TimeControl "180+1"]
[EndTime "11:47:52 PDT"]
[Termination "anon102030 won on time"]

1. e4 e5 2. Nc3 Nc6 3. Bc4 g6 4.
d3 Bg7 5. f4 d6 6. Nf3 Nf6 7. O-O h6 8. Kh1 O-O 9. fxe5 Nxe5 10.
Nxe5 dxe5 11. Qf3 Kh7 12. Be3 Qe7 13. h3 c6 14. Qf2 b6 15. a4 Be6 16. a5 Bxc4 17.
dxc4 Qe6 18. axb6 axb6 19. b3 c5 20. Qh4 Nd7 21. Nd5 Rxa1 22. Rxa1 f5 23. Ra7 f4 24.
Bd2 f3 25. gxf3 Rxf3 26. Kg2 Rf7 27. Qg4 Qd6 28. Qg3 Qe6 29. Bc3 h5 30. Rb7 Bh6 31.
Qd3 g5 32. Rxd7 Rxd7 33. Nf6+ Qxf6 34. Qxd7+ Bg7 35. Qe8 Kh6 36. Qc8 Qg6 37. Qb7 g4 38.
hxg4 Qxg4+ 39. Kf2 Qg6 40. Qd5 h4 41. Bd2+ Kh5 42.
Qd3 Qg4 43. Qf3 Qxf3+ 44. Kxf3 Bf6 45. b4 Bg5 0-1

[Event "*** SCC Grand Prix: Titled Tuesday Blitz"]
[Site "Chess.com"]
[Date "2020.08.25"]
[Round "9"]
[White "grandcoach"]
[Black "mfwagnerpeixoto"]
[Result "0-1"]
[WhiteElo "2075"]
[BlackElo "2219"]
[TimeControl "180+1"]
[EndTime "11:47:52 PDT"]
[Termination "mfwagnerpeixoto won on time"]

1. e4 c5 2. b4 cxb4 3. a3 d5 4. exd5 Nf6 5. axb4 Nxd5 6. b5 e6 7. Nf3 Be7 8. Bb2 O-O 9. Nc3 Bf6 10. Bd3 Nxc3 11.
Bxc3 Bxc3 12. dxc3 Qc7 13. c4 Nd7 14. O-O Nf6 15. Re1 b6 16. Ne5 Bb7 17. Qe2 Rfd8 18. h4 Rd4 19. h5 Rh4 20. Rad1 Rxh5 21. Ng4 Nxg4 22. Qxg4 Qh2+ 23. Kf1 Rh4 24. Qg3 Qxg3 25. fxg3 Rh2 26. Be4 Bxe4 27. Rxe4 Rh1+ 28. Ke2 Rxd1 29. Kxd1 Rd8+ 30. Ke2 g6 31. g4 h6 32. c3 Kg7 33.
Rf4 f5 34. gxf5 gxf5 35. Rf1 Kf6 36. Ra1 Rd7 37. Rh1 Kg6 38. Ke3 e5 39. Ra1 Rc7 40. Kd3 Kg5 41. Re1 Kf4 42. Rf1+ Kg4 43. Re1 Rd7+ 44.
Kc2 e4 45. Rh1 h5 46. Rf1 f4 47. Re1 e3 48. Rf1 Kg3 49. Rh1 e2 0-1

[Event "*** SCC Grand Prix: Titled Tuesday Blitz"]
[Site "Chess.com"]
[Date "2020.08.25"]
[Round "9"]
[White "A-Fier"]
[Black "Alexsur1981"]
[Result "1-0"]
[WhiteElo "2765"]
[BlackElo "2682"]
[TimeControl "180+1"]
[EndTime "11:47:53 PDT"]
[Termination "A-Fier won on time"]

1. e4 c5 2. Nf3 e6 3. d4 cxd4 4. Nxd4 Nf6 5. Nc3 Nc6 6. Nxc6 bxc6 7. e5 Nd5 8. Ne4 Qc7 9. f4 Rb8 10. a3 Qb6 11. c4 Ne3 12. Qd3 Nxf1 13. Rxf1 Qb3 14.
Nc3 c5 15. f5 Bb7 16. Bg5 Bxg2 17. fxe6 fxe6 18. Rd1 Bc6 19. Rf2 Qb7 20. Qe3 h6 21. Bh4 g5 22. Bg3 Be7 23. Qd3 Kd8 24. Qg6 Kc7 25. Qf7 Rbe8 26. Nd5+ exd5 27. cxd5 Kc8 28. dxc6 Qxc6 29. Qc4 Rhf8 30. Rd5 h5 31. Rfd2 h4 32. Bf2 d6 33. Kd1 dxe5 34. Bxc5 Rf4 35. Qc3 g4 36. Bxe7 Qxc3 37. Rd8+ Rxd8 38. Rxd8+ Kc7 39. bxc3 g3 40.
hxg3 hxg3 41. Rg8 Rf3 42. Kd2 e4 43. Bc5 a6 44. Bd4 Kc6 45. a4 Kd5 46. Kc2 Kc4 47. Rc8+ Kd5 48. Rc5+ Kd6 49. Rg5 Kc6 50. Kb3 Kd6 51.
Kc4 Kc6 52. Be5 1-0

[Event "*** SCC Grand Prix: Titled Tuesday Blitz"]
[Site "Chess.com"]
[Date "2020.08.25"]
[Round "9"]
[White "Sychev_Klementy"]
[Black "Gurvich_Vitaly"]
[Result "0-1"]
[WhiteElo "2750"]
[BlackElo "2633"]
[TimeControl "180+1"]
[EndTime "11:47:53 PDT"]
[Termination "Gurvich_Vitaly won on time"]

1. e4 c5 2. d4 cxd4 3. c3 d3 4. c4 Nc6 5. Nc3 d6 6. Bxd3 g6 7. Nf3 Bg7 8. h3 Nf6 9. O-O O-O 10. Re1 b6 11. Rb1 Bb7 12. b3 Nd7 13. Bb2 a6 14. Qd2 Rc8 15. Rbd1 Nde5 16. Be2 Nxf3+ 17. Bxf3 Nd4 18.
Bg4 f5 19. exf5 gxf5 20. Bh5 e5 21. Ne2 Qh4 22. Nxd4 Qxh5 23. Nc2 Rf6 24. Ne3 Bh6 25. Qe2 Qg6 26. f3 Rf7 27. Nd5 Bg7 28. Nxb6 Re8 29. Ba3 Re6 30. Nd5 h5 31. Nf4 exf4 32. Qxe6 Qg3 33.
Qe2 Bf6 34. Qf2 Qg5 35. Rxd6 Rg7 36. Rxf6 Qxf6 37. Bb2 Qd6 38. Bxg7 Kxg7 39. Kh2 Kg6 40. Qh4 Bc8 41. Qe7 Qd2 42. Qe8+ Kg5 0-1

[Event "*** SCC Grand Prix: Titled Tuesday Blitz"]
[Site "Chess.com"]
[Date "2020.08.25"]
[Round "9"]
[White "Mbneu"]
[Black "Nafania1"]
[Result "0-1"]
[WhiteElo "2247"]
[BlackElo "2447"]
[TimeControl "180+1"]
[EndTime "11:47:53 PDT"]
[Termination "Nafania1 won by resignation"]

1. d4 Nf6 2. c4 e6 3. Nc3 Bb4 4. Bg5 c5 5. d5 h6 6. Bd2 O-O 7. f3 d6 8. e4 Re8 9. Nge2 Nbd7 10.
a3 Ba5 11. dxe6 fxe6 12. Nf4 d5 13. cxd5 exd5 14. Nfxd5 Ne5 15. Nxf6+ Qxf6 16. Nd5 Bxd2+ 17. Qxd2 Qf7 18. Be2 Be6 19. O-O Rad8 20. Rad1 a6 21. f4 Nc6 22. Bc4 b5 23. Ba2 c4 24. Bb1 Ne7 25.
Nxe7+ Qxe7 26. Qe3 Bg4 27. Rxd8 Rxd8 28. e5 Re8 29.
Re1 Qc7 30. f5 Bh5 31. Qe4 Qc5+ 32. Kh1 Kf8 33. f6 gxf6 34. Rf1 Rxe5 35. Qh7 Bf7 36.
Qxh6+ Ke8 37. Qxf6 Re7 38. Bg6 Bxg6 39. Qxg6+ Kd7 40.
Rd1+ Kc7 41. Qg3+ Qe5 42. Qf3 Qxb2 43. h4 Qe5 44. h5 c3 45. g4 Rd7 46. Rc1 Kb6 47.
Qxc3 Qe4+ 48. Kh2 Qf4+ 49. Kg2 Rd2+ 50. Kg1 Qf2+ 0-1

[Event "*** SCC Grand Prix: Titled Tuesday Blitz"]
[Site "Chess.com"]
[Date "2020.08.25"]
[Round "9"]
[White "HanSchut"]
[Black "anon481216"]
[Result "1-0"]
[WhiteElo "2290"]
[BlackElo "2428"]
[TimeControl "180+1"]
[EndTime "11:47:55 PDT"]
[Termination "HanSchut won on time"]

1. e4 c5 2. Nf3 e6 3. c4 Nc6 4.
Nc3 e5 5. Nd5 g6 6. d3 Bg7 7.
Be2 d6 8. O-O Nce7 9. a3 Nxd5 10.
cxd5 Ne7 11. b4 cxb4 12. axb4 O-O 13. Be3 b6 14. d4 exd4 15. Bxd4 Bxd4 16. Nxd4 a5 17.
Nc6 Nxc6 18. dxc6 Be6 19. b5 d5 20. exd5 Bxd5 21. Qd4 Qg5 22. Qg4 Qxg4 23. Bxg4 Bc4 24. Rfb1 a4 25. Bd7 Rfd8 26. Ra3 Bb3 27. f3 Kf8 28. Kf2 Ke7 29. Ke3 Kd6 30. Kd4 Kc7 31. Rb2 Be6 32. Rb4 Bxd7 33. cxd7 Rxd7+ 34. Kc3 Rd5 35. Rc4+ Kb7 36. Kb4 Rd2 37. Rac3 Rb2+ 38. Ka3 Rxb5 39. Rc7+ Ka6 40. Rxf7 Rb1 41. Kxa4 b5+ 42.
Ka3 b4+ 43. Ka2 Rg1 44. Rc2 Kb5+ 45. Kb3 Ra3+ 46. Kb2 Rga1 47. Rcc7 R1a2+ 48. Kb1 Rxg2 49. Rb7+ 1-0

[Event "*** SCC Grand Prix: Titled Tuesday Blitz"]
[Site "Chess.com"]
[Date "2020.08.25"]
[Round "9"]
[White "sergeikim"]
[Black "1977Ivan"]
[Result "0-1"]
[WhiteElo "2508"]
[BlackElo "2683"]
[TimeControl "180+1"]
[EndTime "11:47:58 PDT"]
[Termination "1977Ivan won by checkmate"]

1. d4 Nf6 2. c4 Nc6 3. Nc3 e5 4. d5 Ne7 5. e4 Ng6 6. Be3 Bb4 7. f3 Bxc3+ 8. bxc3 d6 9. c5 O-O 10. Ne2 Nd7 11. cxd6 cxd6 12. Ng3 Nf4 13. Qd2 Nc5 14. Bc4 Bd7 15. O-O Qf6 16. Rfb1 Rac8 17. Bf1 b6 18. Rb4 g6 19. a4 h5 20. a5 h4 21. Nh1 h3 22. g3 Ng2 23. Bxg2 hxg2 24. Kxg2 b5 25.
Bg5 Qh8 26. Nf2 f6 27. Be3 a6 28. Rc1 Nb7 29. c4 Nxa5 30. cxb5 Rxc1 31. Qxc1 Bxb5 32. Qc7 Nc4 33. Rxc4 Bxc4 34. Qxc4 Qg7 35. Qxa6 Qd7 36. Qb6 Rc8 37. Ng4 Kf7 38. Bf2 f5 39. Ne3 fxe4 40.
fxe4 Rc1 41. Qa6 Rb1 42. Nc4 Qg4 43. Nxd6+ Kg7 44. Qd3 Rd1 45. Qf3 Qd7 46. Nc4 Qb5 47.
Nxe5 Qf1# 0-1

[Event "*** SCC Grand Prix: Titled Tuesday Blitz"]
[Site "Chess.com"]
[Date "2020.08.25"]
[Round "9"]
[White "niki_2003"]
[Black "DarZay"]
[Result "0-1"]
[WhiteElo "1702"]
[BlackElo "2157"]
[TimeControl "180+1"]
[EndTime "11:47:58 PDT"]
[Termination "DarZay won by checkmate"]

1. d4 d5 2. c4 e6 3. Nc3 Nf6 4. cxd5 exd5 5. Bg5 Be7 6. e3 Ne4 7. Bxe7 Kxe7 8. Nxe4 dxe4 9. Qc2 f5 10. Rc1 Nc6 11.
Qc5+ Qd6 12. Qc4 Be6 13. Qb5 Rab8 14. Bc4 a6 15. Qc5 Qxc5 16. dxc5 Bxc4 17. Rxc4 Ne5 18. Rc2 Rbd8 19. Ne2 Nd3+ 20. Kf1 Nb4 21. Rc1 Nxa2 22. Ra1 Rd2 23. Nd4 Rxb2 24. g3 g6 25. Kg2 Nb4 26. Rhb1 Rxb1 27. Rxb1 a5 28. Nb5 Kd7 29. Nd4 Re8 30. Rd1 Kc8 31. Ra1 b6 32. Nb5 Re5 33.
Nd4 Rxc5 34. Ne6 Rc6 35. Nf8 h6 36. Rd1 Rd6 37. Rxd6 cxd6 38. Nxg6 a4 39. Ne7+ Kd7 40. Nxf5 a3 41. Nd4 a2 42. Nb3 Nc2 43. f3 exf3+ 44. Kxf3 a1=Q 45. Nxa1 Nxa1 46. Ke4 Ke6 47. Kd4 Nc2+ 48.
Kc4 Nxe3+ 49. Kb5 Nf1 50. Kxb6 Nxh2 51. Kc6 h5 52. Kb5 Nf1 53. Kc4 Nxg3 54. Kd4 h4 55. Ke3 h3 56. Kf3 Nf5 57. Kf2 d5 58. Kg1 d4 59. Kh2 d3 60. Kxh3 d2 61. Kg2 d1=Q 62.
Kh2 Qe2+ 63. Kh3 Qf3+ 64. Kh2 Ne7 65. Kg1 Nc6 66. Kh2 Nd4 67. Kg1 Ne2+ 68. Kh2 Qg3+ 69.
Kh1 Qh3# 0-1

[Event "*** SCC Grand Prix: Titled Tuesday Blitz"]
[Site "Chess.com"]
[Date "2020.08.25"]
[Round "9"]
[White "Efremov_Vlad"]
[Black "MarceloPlaya"]
[Result "1/2-1/2"]
[WhiteElo "2213"]
[BlackElo "2350"]
[TimeControl "180+1"]
[EndTime "11:47:59 PDT"]
[Termination "Game drawn - insufficient material"]

1. d4 e6 2. c4 Nf6 3. Nf3 Bb4+ 4. Bd2 Bxd2+ 5. Qxd2 O-O 6. Nc3 d5 7. e3 Qe7 8. Bd3 Rd8 9. Qc2 dxc4 10. Bxc4 c5 11. O-O Nc6 12. Rad1 cxd4 13. Nxd4 Nxd4 14. exd4 Bd7 15. d5 Rac8 16. Qb3 exd5 17. Nxd5 Nxd5 18. Bxd5 Bc6 19. Bxc6 bxc6 20. h3 h6 21. Qc3 c5 22.
Rxd8+ Qxd8 23. Rc1 Qd5 24. Qc4 Qe5 25. Qc3 Qg5 26. Rd1 Re8 27. Qc4 Re7 28. Qc2 Re6 29. Qd2 Qxd2 30. Rxd2 Kf8 31. Rc2 Re5 32. Rc4 Ke8 33.
Ra4 Re7 34. Rc4 Re5 35. f4 Rd5 36. Ra4 Rd1+ 37. Kh2 Rd7 38. Rc4 Rd5 39. Ra4 Rd2 40. b3 Rd7 41. Rc4 Rc7 42. b4 Kd7 43. bxc5 Kc6 44.
Rc2 Kb5 45. g4 Rxc5 46. Rb2+ Kc6 47. Kg3 a5 48. f5 a4 49. Rb4 Rc3+ 50. Kf4 a3 51. h4 Kc5 52. Ra4 Rc4+ 53. Rxc4+ Kxc4 54. g5 hxg5+ 55. Kxg5 Kc3 56. h5 Kb2 57. f6 gxf6+ 58.
Kf5 Kxa2 59. h6 Kb3 60. h7 a2 61. h8=Q a1=Q 62. Qxf6 Qxf6+ 63. Kxf6 Kc4 64. Kxf7 1/2-1/2

[Event "*** SCC Grand Prix: Titled Tuesday Blitz"]
[Site "Chess.com"]
[Date "2020.08.25"]
[Round "9"]
[White "Vuk2000"]
[Black "Carnivoras"]
[Result "1-0"]
[WhiteElo "2742"]
[BlackElo "2671"]
[TimeControl "180+1"]
[EndTime "11:48:00 PDT"]
[Termination "Vuk2000 won by resignation"]

1. d4 d5 2. Bf4 Nf6 3. e3 Bf5 4.
c4 c6 5. Nc3 e6 6. Nf3 Nbd7 7.
Qb3 Qb6 8. c5 Qxb3 9. axb3 a6 10. h3 Be7 11. Kd2 O-O 12. Nh4 Ne4+ 13. Nxe4 Bxe4 14. Nf3 f6 15. b4 e5 16. Bg3 Bxf3 17.
gxf3 exd4 18. exd4 f5 19. Bd3 f4 20. Bh2 Bh4 21.
Rhf1 Rae8 22. Rae1 g5 23. Rxe8 Rxe8 24. Bf5 Nf6 25. Re1 Bxf2 26. Rxe8+ Nxe8 27. Kd3 Nc7 28. Bc8 Nb5 29. Bxb7 Nxd4 30. Bxa6 Be3 31. b5 cxb5 32. Bb7 Kf8 33. Bxd5 Ke7 34. Ke4 Kf6 35. h4 h6 36.
h5 Ne6 37. b4 Ng7 38. Bc6 Nxh5 39. Bxb5 Ng7 40. Bc4 h5 41. c6 Ke7 42. Ke5 g4 43. Bxf4 Bxf4+ 44. Kxf4 gxf3 45. Kxf3 Kd6 46. b5 Nf5 47.
Kf4 h4 48. Kxf5 1-0

[Event "*** SCC Grand Prix: Titled Tuesday Blitz"]
[Site "Chess.com"]
[Date "2020.08.25"]
[Round "9"]
[White "Siniauski"]
[Black "davigator"]
[Result "1-0"]
[WhiteElo "2525"]
[BlackElo "2345"]
[TimeControl "180+1"]
[EndTime "11:48:00 PDT"]
[Termination "Siniauski won on time"]

1. e4 c5 2. Nf3 Nc6 3. Bb5 g6 4.
Bxc6 dxc6 5. d3 Bg7 6. h3 Nf6 7. Nc3 O-O 8. Be3 b6 9. Qd2 Re8 10.
O-O e5 11. Bh6 Bh8 12. Nh2 Nh5 13. Ne2 a5 14. a4 Ra7 15. b3 f5 16. exf5 gxf5 17.
Ng3 Nxg3 18. fxg3 Bf6 19. Rae1 Kh8 20. Nf3 Rf7 21. Kh2 Qd6 22. Nh4 Bxh4 23. gxh4 Re6 24. Be3 f4 25. Qc3 Kg8 26. Bc1 Rg7 27. Re4 Ree7 28.
Bb2 Qd5 29. Qc4 Be6 30. Rf2 Qd6 31. Qc3 Bd5 32. Rxe5 Rxe5 33. Qxe5 Qxe5 34. Bxe5 Re7 35. Bxf4 h5 36. Bg5 Rd7 37. Rf6 Kg7 38. Rf5 Kg6 39. Re5 Bf7 40. Kg3 Rd4 41. Re4 Rd7 42. Re7 Rd6 43. Rc7 Bd5 44. Rc8 Re6 45. Kf2 Rd6 46.
g4 1-0

[Event "*** SCC Grand Prix: Titled Tuesday Blitz"]
[Site "Chess.com"]
[Date "2020.08.25"]
[Round "9"]
[White "FearNoEvil12"]
[Black "Ausbildung"]
[Result "0-1"]
[WhiteElo "1978"]
[BlackElo "2252"]
[TimeControl "180+1"]
[EndTime "11:48:00 PDT"]
[Termination "Ausbildung won on time"]

1. e4 g6 2. Nc3 Bg7 3. f4 d6 4. Nf3 Nf6 5. Bc4 O-O 6. d3 c6 7. Bb3 a5 8. a4 Be6 9. f5 Bxb3 10. cxb3 Na6 11. O-O Nb4 12. Ng5 h6 13. Nf3 Kh7 14.
Kh1 Nd7 15. Qe1 Nxd3 16. Qh4 Nxc1 17. Raxc1 e6 18. Qg3 exf5 19. exf5 Ne5 20. Rcd1 Nxf3 21. Qxf3 Qf6 22. Ne4 Qxf5 23. Qxf5 gxf5 24. Nxd6 Bxb2 25. Nxf5 Rad8 26. Nd6 b6 27. Nc4 Bd4 28. g3 Kg7 29. Rf4 Bc5 30. Rdf1 Rd4 31. Rf6 Rd5 32. Rxc6 f5 33.
Nxb6 Bxb6 34. Rxb6 Rc8 35. Re1 Rc7 36. Ree6 Rd2 37.
Rg6+ Kf7 38. Rbf6+ Ke7 39. Rg7+ Kxf6 40. Rxc7 Kg5 41.
Kg1 Kg4 42. Rc5 h5 43. Rxa5 h4 44. gxh4 f4 45. Kf1 Kf3 46. Re5 Rb2 47. h5 Rxh2 48. Ke1 Rh1+ 49. Kd2 Kf2 50. Rf5 f3 51. b4 Ra1 52. a5 Ra2+ 53. Kd3 Ra3+ 0-1

[Event "*** SCC Grand Prix: Titled Tuesday Blitz"]
[Site "Chess.com"]
[Date "2020.08.25"]
[Round "9"]
[White "sertalzin"]
[Black "GustavoJuarezF"]
[Result "1-0"]
[WhiteElo "1874"]
[BlackElo "2043"]
[TimeControl "180+1"]
[EndTime "11:48:00 PDT"]
[Termination "sertalzin won on time"]

1. d4 Nf6 2. c4 e5 3. dxe5 Ng4 4. Bf4 Nc6 5. Nf3 Bb4+ 6. Nc3 Qe7 7. Qb3 f6 8. exf6 Nxf6 9. e3 d6 10. Be2 Bxc3+ 11.
Qxc3 O-O 12. O-O Bg4 13. h3 Bh5 14. Rfe1 Rae8 15. Nd4 Ne4 16. Nxc6 bxc6 17. Qc2 Bxe2 18. Rxe2 Nc5 19. Bh2 Ne6 20. f3 c5 21. Rd1 Ng5 22.
e4 Qf7 23. Rde1 Qg6 24. Kh1 h5 25. e5 Qxc2 26. Rxc2 Nf7 27. Rce2 dxe5 28. Bxe5 Nxe5 29. Rxe5 Kf7 30. Rxe8 Rxe8 31. Rxe8 Kxe8 32. g4 hxg4 33. hxg4 g5 34. Kg2 Ke7 35. f4 gxf4 36. Kf3 Kf6 37. Kxf4 c6 38. g5+ Kg6 39. Kg4 a5 40. a4 Kg7 41. Kf5 Kf7 42. Ke5 Kg6 43. Kd6 Kxg5 44.
Kxc6 Kf5 45. Kxc5 Ke6 46. Kb5 Kd6 47. Kxa5 Kc5 48. b4+ Kxc4 49. b5 1-0

[Event "*** SCC Grand Prix: Titled Tuesday Blitz"]
[Site "Chess.com"]
[Date "2020.08.25"]
[Round "9"]
[White "Margarita2907"]
[Black "Karina_Ivanova"]
[Result "0-1"]
[WhiteElo "2090"]
[BlackElo "2246"]
[TimeControl "180+1"]
[EndTime "11:48:03 PDT"]
[Termination "Karina_Ivanova won by resignation"]

1. e4 c6 2. d4 d5 3. e5 Bf5 4.
Nd2 e6 5. Nb3 Nd7 6. a4 Ne7 7.
Nf3 c5 8. c3 c4 9. Nbd2 Nc6 10.
Be2 Ke7 11. O-O h6 12. b3 cxb3 13. Nxb3 g5 14. c4 dxc4 15. Bxc4 Nb6 16. Bb5 Qd5 17.
Bxc6 Qxc6 18. Nc5 Rd8 19. Ba3 Nc4 20. Nxb7+ Nxa3 21. Nxd8 Kxd8 22. Qb3 Bc2 23. Qb8+ Qc8 24. Qxa7 Bb4 25. Qxf7 Rf8 26. Qg7 Qd7 27. Qxd7+ Kxd7 28. Rfc1 Rc8 29. Ne1 Bxa4 30. Rxc8 Kxc8 31. Nd3 Be7 32. Nc5 Bxc5 33. dxc5 Bb5 34. Rxa3 Kc7 35. Rc3 Kc6 36. g3 g4 37. Kg2 Be2 38. h3 h5 39. hxg4 hxg4 40. Re3 Bd1 41. Kf1 Kxc5 42. Ke1 Bf3 43. Kd2 Kd4 44. Re1 Be4 45. Rh1 Bxh1 46. Ke2 Kxe5 47.
Ke3 Be4 48. Kd2 Kd4 49. Ke2 Bf3+ 0-1